 Dungeon Crawl Stone Soup version 0.24-a0-441-g27f0392e16 (console) character file.

Game seed: 2739575331320339689

23 Voker57 the Skirmisher (level 2, 0/24 HPs)
             Began as a Demonspawn Monk on June 19, 2019.
             Slain by a worm (7 damage)
             ... on level 2 of the Dungeon.
             The game lasted 00:00:53 (1134 turns).

Voker57 the Skirmisher (Demonspawn Monk)            Turns: 1134, Time: 00:00:54

Health: 0/24       AC:  2    Str: 11    XL:     2   Next: 72%
Magic:  2/2        EV:  9    Int: 11    God:
Gold:   15         SH: 10    Dex: 15    Spells: 1/1 levels left

rFire    . . .     SeeInvis .   a - +0 mace
rCold    + . .     Gourm    .   h - +0 large shield (curse)
rNeg     . . .     Faith    .   b - +0 robe
rPois    .         Spirit   .   (no helmet)
rElec    .         Reflect  .   (no cloak)
rCorr    .         Harm     .   (no gloves)
MR       .....                  (no boots)
Stlth    ++........             (no amulet)
HPRegen  0.08/turn              (no ring)
MPRegen  0.08/turn              (no ring)

@: no status effects
A: cold resistance 1
a: no special abilities


You were on level 2 of the Dungeon.
You were hungry.

You visited 1 branch of the dungeon, and saw 2 of its levels.

You collected 15 gold pieces.

Inventory:

Hand Weapons
 a - a +0 mace (weapon)
Missiles
 k - 2 poisoned darts (quivered)
Armour
 b - a +0 robe (worn)
 h - a cursed +0 large shield (worn)
Jewellery
 d - an uncursed ring of protection from cold {unknown}
Scrolls
 f - a scroll of fog {unknown}
 g - 2 scrolls of enchant weapon {unknown}
Potions
 e - 2 potions of magic {unknown}
 i - a potion of curing {unknown}
 j - a potion of heal wounds {unknown}
Comestibles
 c - 3 rations


   Skills:
 + Level 3.4 Fighting
 - Level 2.6 Maces & Flails
 + Level 3.1 Dodging
 - Level 1.7 Stealth
 * Level 0.9 Shields


You had one spell level left.
You didn't know any spells.
Your spell library was empty.

Dungeon Overview and Level Annotations

Branches:
Dungeon (2/15)

Altars:
Dithmenos


Innate Abilities, Weirdness & Mutations

Your flesh is cold resistant. (rC+)


Message History

The worm is heavily wounded.
Throwing (i - inventory)
k - 4 poisoned darts (quivered)
Press: ? - help, Shift-Dir - straight line, f/p - worm
Aim: a worm (heavily wounded, poisoned)
You throw a poisoned dart.
The poisoned dart barely misses the worm.
The worm looks more healthy.
Throwing (i - inventory)
k - 3 poisoned darts (quivered)
Press: ? - help, Shift-Dir - straight line, f/p - worm
Aim: a worm (heavily wounded)
You throw a poisoned dart. The poisoned dart hits the worm.
The worm is heavily wounded.
You sock the worm!
The worm is almost dead.
The worm bites you.
* * * LOW HITPOINT WARNING * * *
You hit the worm but do no damage.
The worm is almost dead.
The worm bites you!
You die...

##...###..# #.# #.. #.(#
#.# # #..# #.# #^.# #.#
#..####.####.#
#.(...........#
#...###....#..#####
#...#.....###.....#
#)w.#.##..###..##.#
#.@.#.###..#..###.#
###......##.....##..#
..#..................
#.........##.........##.
###..#.#.####..÷_...####
#.......##.........##.
##.##.#................
..........##.....##...
## #####
#..###.###..#..###.. .#
#.# #..†...##..###..##..


You could see a worm.

Vanquished Creatures
  An adder (D:2)
  3 bats
  A giant cockroach (D:1)
  2 goblins
  3 kobolds
  5 rats
15 creatures vanquished.

Notes
Turn   | Place    | Note
-------+----------+-------------------------------------------
     0 | D:1      | Voker57 the Demonspawn Monk began the quest for the Orb.
     0 | D:1      | Reached XP level 1. HP: 18/18 MP: 1/1
   454 | D:1      | Gained mutation: Your flesh is cold resistant. (rC+)
                  | [demonic ancestry]
   454 | D:1      | Reached XP level 2. HP: 24/24 MP: 2/2
   812 | D:2      | Found a shadowy altar of Dithmenos.
  1134 | D:2      | Slain by a worm

Levels and vault maps discovered:
D:1:      roderic_crop_circles_arrival_small, layout_basic, nrook_uturn,
          minmay_tripent
D:2:      layout_basic, old_standard_altar, nicolae_overflow_crystal_walls,
          gammafunk_temple_overflow_forgotten, serial_glass, glass_columns_b,
          glass_columns_a, nicolae_dithmenos_shadow_blocks, uniq_terence,
          uniq_crazy_yiuf_cottage

Skill      XL: |  1 |
---------------+----+-----
Dodging        | 3 |  3.1
Fighting       | |  3.4
Maces & Flails | |  2.6
Stealth        | |  1.7
Shields        | |  0.9

Action                   || total
-------------------------++-------
Melee: Mace              ||    48
Throw: Dart              ||    10
Armor: Robe              ||    13
Dodge: Dodged            ||    21
Block: Large shield      ||    18

Table legend:
 A = Non-vault XP
 B = Vault XP
 C = Vault XP percentage of total XP
 D = Non-vault monster count
 E = Vault monster count
 F = Vault count percentage of total count
                 A         B        C        D         E       F
            +---------+---------+-------+---------+---------+-------
      Total |      30 |       3 |   9.1 |      13 |       2 |  13.3
            +---------+---------+-------+---------+---------+-------
        D:1 |      10 |       3 |  23.1 |       8 |       2 |  20.0
        D:2 |      20 |       0 |   0.0 |       5 |       0 |   0.0
            +---------+---------+-------+---------+---------+-------
